 Dungeon Crawl Stone Soup version 0.22-a0-423-g4197694 (webtiles) character file.

58 Veiltonx the Sneak (level 3, 0/16 HPs)
             Began as a Spriggan Enchanter on May 23, 2018.
             Slain by a quokka (5 damage)
             ... on level 2 of the Dungeon.
             The game lasted 00:05:57 (1800 turns).

Veiltonx the Sneak (Spriggan Enchanter)             Turns: 1800, Time: 00:05:58

Health: 0/16       AC:  2    Str:  4    XL:     3   Next: 76%
Magic:  8/8        EV: 18    Int: 17    God:
Gold:   25         SH:  0    Dex: 16    Spells: 2/8 levels left

rFire    . . .     SeeInvis +   a - +1 dagger
rCold    . . .     Gourm    .   (shield restricted)
rNeg     . . .     Faith    .   b - +0 robe
rPois    .         Spirit   .   (helmet restricted)
rElec    .         Reflect  .   (no cloak)
rCorr    .         Harm     .   (gloves unavailable)
MR       .....                  (boots unavailable)
Stlth    +++.......             (no amulet)
HPRegen  0.05/turn              (no ring)
MPRegen  0.11/turn              (no ring)

@: very quick
A: very small, unfitting armour, see invisible, herbivore, speed 3, slow
metabolism 2
a: no special abilities


You were on level 2 of the Dungeon.
You were not hungry.

You visited 1 branch of the dungeon, and saw 2 of its levels.

You collected 25 gold pieces.

Inventory:

Hand Weapons
 a - a +1 dagger (weapon)
Armour
 b - a +0 robe (worn)
Scrolls
 h - a scroll of identify {unknown}
 i - a scroll of amnesia {unknown}
Potions
 c - a potion of haste {unknown}
 e - a potion of heal wounds {unknown}
 f - a potion of invisibility {unknown}
 g - a potion of curing {unknown}
Comestibles
 d - 4 rations


   Skills:
 + Level 2.0 Short Blades
 - Level 3.0 Dodging
 + Level 5.1 Stealth
 + Level 3.3 Spellcasting
 + Level 4.2 Hexes
 + Level 0.9 Ice Magic


You had 2 spell levels left.
You knew the following spells:

 Your Spells              Type           Power        Failure   Level  Hunger
a - Corona                Hex            ###....      3%          1    None
b - Ensorcelled Hibernat  Hex/Ice        ##....       9%          2    ##.....
c - Confuse               Hex            ###.....     9%          3    ###....

Your spell library contained the following spells:

 Spells                   Type           Power        Failure   Level  Hunger
 Tukima's Dance           Hex            ###.....     9%          3    ###....
 Dazzling Spray           Conj/Hex       #.....       22%         3    ###....


Dungeon Overview and Level Annotations

Branches:
Dungeon (2/15)

Altars:


Innate Abilities, Weirdness & Mutations

You are very small and have problems with some larger weapons.
You are too small for most types of armour.
You have supernaturally acute eyesight. (SInv)
You are a herbivore.
You cover ground extremely quickly.
You need to consume almost no food.


Message History

The quokka bites you.
You barely miss the quokka.
The quokka is moderately wounded.
The quokka misses you.
You closely miss the quokka.
The quokka is moderately wounded.
The quokka bites you.
You hit the quokka.
The quokka is moderately wounded.
The quokka barely misses you.
You hit the quokka but do no damage.
The quokka is moderately wounded.
The quokka completely misses you. The quokka misses you.
You hit the quokka.
The quokka is heavily wounded.
The quokka misses you.
You hit the quokka but do no damage.
The quokka is moderately wounded.
The quokka bites you.
You die...

######.#.#
#.#.# #.#.#
#.#.#
#.#.#########
#.#.#........
#.#.#........
###.#.#....l...
#...#@#........
#.###r#K.......
#.# #K#..[.....
#.# #l#(..###'
#.# #.(...'...#
#†# ###.?.#####
#†# #...#
##'#####...#
#.....[..[.'.


You could see a quokka, a kobold and a frilled lizard.

Vanquished Creatures
  An adder (D:2)
  3 dart slugs
  2 leopard geckos
  3 giant cockroaches (D:1)
  3 goblins
  6 hobgoblins
  4 kobolds
  3 quokkas (D:2)
  4 bats
  3 frilled lizards
  7 rats
39 creatures vanquished.

Notes
Turn   | Place    | Note
-------+----------+-------------------------------------------
     0 | D:1      | Veiltonx the Spriggan Enchanter began the quest for the Orb.
     0 | D:1      | Reached XP level 1. HP: 9/9 MP: 5/5
   206 | D:1      | Reached XP level 2. HP: 13/13 MP: 6/6
   210 | D:1      | Learned a level 2 spell: Ensorcelled Hibernation
  1083 | D:2      | Reached XP level 3. HP: 14/16 MP: 8/8
  1118 | D:2      | Reached skill level 5 in Stealth
  1439 | D:2      | Learned a level 3 spell: Confuse
  1800 | D:2      | Slain by a quokka

Vault maps used:
D:1:      onia_arrival_pentagram, serial_forest,
          infiniplex_forest_clump_diagonal, infiniplex_forest_clump_C,
          infiniplex_forest_lined_room_, infiniplex_forest_lined_room_3,
          infiniplex_forest_corner_2, infiniplex_forest_lined_3

Skill      XL: |  1  2  3 |
---------------+----------+-----
Spellcasting   | 3 |  3.3
Hexes          | 4 |  4.2
Stealth        | 5 |  5.1
Short Blades   | 2 |  2.0
Dodging        | |  3.0
Ice Magic      | |  0.9

Action                   || total
-------------------------++-------
Melee: Dagger            ||   144
 Cast: Ensorcelled Hiber ||     8
       Corona            ||     1
 Stab: Sleeping          ||    18
Armor: Robe              ||    11
Dodge: Dodged            ||    90

Table legend:
 A = Spawn XP
 B = Non-spawn XP
 C = Spawn XP percentage of total XP
 D = Spawn monster count
 E = Non-spawn monster count
 F = Spawn count percentage of total count
 G = Total turns spent on level
                    A         B        C        D         E        F      G
               +---------+---------+-------+---------+---------+-------+---------
         Total |       0 |      84 |   0.0 |       0 |      39 |   0.0 |  1800
               +---------+---------+-------+---------+---------+-------+---------
           D:1 |       0 |      38 |   0.0 |       0 |      22 |   0.0 |  1056
           D:2 |       0 |      46 |   0.0 |       0 |      17 |   0.0 |   744
               +---------+---------+-------+---------+---------+-------+---------
